General information
- name: BNet
- type: Ladder 1vs1/FFA
- host: Battle.net
- saver: YoungGranny
map: TirisfalGlades
- players: 2
- length: 13:05
- speed: Fast
- version: 1.26 W3XP
- replay type: Public
» download(45 KB)
Players
team 1 (winner)
YoungGranny (
yellow | 71 APM | 925 actions | 13:05)
3 Goblin Tinker
2 Pocket Factory
1 Engineering Upgrade
» actions
| Assign group hotkey | 47 | |
| Basic commands | 29 | |
| Build / train | 79 | |
| ESC pressed | 3 | |
| Enter build submenu | 49 | |
| Enter hero's abilities submenu | 3 | |
| Give item / drop item | 4 | |
| Right click | 269 | |
| Select / deselect | 208 | |
| Select group hotkey | 165 | |
| Use ability | 69 | |
925 total
» units
| Peasant | 26 | |
| Footman | 4 | |
| Mortar Team | 3 | |
33 total
» upgrades
| Masonry | 3 | |
| Gunpowder | 3 | |
| Lumber Harvesting | 2 | |
| Fragmentation Shards | 1 | |
9 total
» buildings
| Barracks | 1 | |
| Farm | 7 | |
| Altar of Kings | 1 | |
| Scout Tower | 30 | |
| Town Hall | 1 | |
| Lumber Mill | 1 | |
| Arcane Tower | 2 | |
| Guard Tower | 20 | |
| Keep | 3 | |
| Blacksmith | 1 | |
| Arcane Vault | 2 | |
| Castle | 1 | |
| Workshop | 2 | |
| Arcane Sanctum | 1 | |
73 total
» build order
00:14 Barracks
00:20 Farm
00:41 Farm
00:53 Altar of Kings
01:27 Farm
02:05 Farm
03:21 Scout Tower
03:46 Town Hall
03:51 Scout Tower
04:26 Lumber Mill
04:28 Arcane Tower
04:36 Arcane Tower
04:46 Scout Tower
05:27 Scout Tower
05:29 Scout Tower
05:31 Scout Tower
05:51 Guard Tower
05:53 Scout Tower
05:54 Scout Tower
05:59 Guard Tower
06:06 Keep
06:06 Keep
06:10 Scout Tower
06:20 Scout Tower
06:21 Scout Tower
06:23 Guard Tower
06:33 Scout Tower
06:39 Guard Tower
06:54 Blacksmith
07:04 Guard Tower
07:10 Scout Tower
07:12 Scout Tower
07:15 Scout Tower
07:17 Scout Tower
07:27 Guard Tower
07:30 Scout Tower
07:30 Scout Tower
07:42 Guard Tower
07:44 Guard Tower
07:45 Guard Tower
07:46 Guard Tower
07:46 Guard Tower
07:57 Arcane Vault
08:24 Farm
08:27 Farm
08:32 Farm
08:34 Castle
08:38 Guard Tower
08:38 Guard Tower
08:41 Workshop
09:06 Arcane Vault
09:13 Workshop
09:16 Scout Tower
09:16 Scout Tower
09:55 Guard Tower
10:04 Scout Tower
10:07 Scout Tower
10:09 Scout Tower
10:21 Scout Tower
10:23 Scout Tower
10:25 Scout Tower
10:32 Guard Tower
10:37 Guard Tower
10:37 Guard Tower
10:47 Guard Tower
11:35 Arcane Sanctum
11:43 Guard Tower
12:17 Scout Tower
12:17 Scout Tower
12:18 Scout Tower
12:19 Scout Tower
12:46 Guard Tower
» items
| Boots of Speed | 1 | |
| Staff of Teleportation | 1 | |
| Potion of Invisibility | 1 | |
| Scroll of Regeneration | 1 | |
| Ivory Tower | 3 | |
7 total
team 2 (loser)
RaphLoveClau (
green | 92 APM | 1196 actions | 13:04)
3 Death Knight
2 Death Coil
1 Unholy Aura
2 Crypt Lord
1 Carrion Beetles
1 Spiked Carapace
» actions
| Assign group hotkey | 14 | |
| Build / train | 44 | |
| Enter build submenu | 17 | |
| Enter hero's abilities submenu | 5 | |
| Remove unit from queue | 2 | |
| Right click | 721 | |
| Select / deselect | 311 | |
| Select group hotkey | 44 | |
| Use ability | 38 | |
1196 total
» units
| Acolyte | 6 | |
| Ghoul | 6 | |
| Gargoyle | 9 | |
| Meatwagon | 2 | |
23 total
» upgrades
» buildings
| Crypt | 2 | |
| Graveyard | 1 | |
| Altar of Darkness | 1 | |
| Ziggurat | 9 | |
| Tomb of Relics | 1 | |
| Halls of the Dead | 2 | |
| Nerubian Tower | 1 | |
| Sacrificial Pit | 1 | |
| Black Citadel | 1 | |
| Slaughterhouse | 1 | |
| Spirit Tower | 2 | |
22 total
» build order
00:08 Crypt
00:11 Graveyard
00:42 Altar of Darkness
00:59 Ziggurat
01:57 Tomb of Relics
02:26 Halls of the Dead
02:26 Halls of the Dead
02:45 Ziggurat
03:21 Nerubian Tower
04:53 Ziggurat
06:12 Crypt
06:41 Sacrificial Pit
07:24 Ziggurat
08:40 Ziggurat
09:12 Black Citadel
10:51 Ziggurat
10:52 Ziggurat
10:52 Ziggurat
11:00 Ziggurat
11:07 Slaughterhouse
12:09 Spirit Tower
12:10 Spirit Tower
» items
| Rod of Necromancy | 2 | |
| Sacrificial Skull | 1 | |
3 total
Chat log
(00:24 / All) YoungGranny: why do you like to play undead
(00:30 / All) YoungGranny: is it because you dont have to micro
(00:31 / All) RaphLoveClau: different
(00:34 / All) YoungGranny: or becauise your base is invincible
(00:37 / All) YoungGranny: for the first 50 minutes
(00:46 / All) RaphLoveClau: man
(00:52 / All) RaphLoveClau: ud is under power
(01:34 / All) RaphLoveClau: and you
(01:40 / All) RaphLoveClau: why are you such an ass ?
(01:47 / All) YoungGranny: i hate boring games vs ud
(02:01 / All) RaphLoveClau: ur mom dont like you ?
(09:34 / All) RaphLoveClau: mass tower is so much better